 Dungeon Sprint DCSS version 0.29-a0-700-g2f1814c7b2 (webtiles) character file.

Game seed: 12671289414297496363

1327 mhtbhm the Unseen (level 8, -11/37 HPs)
             Began as a Spriggan Enchanter on June 25, 2022.
             Was a Believer of Dithmenos.
             Mangled by a boulder beetle (27 damage)
             ... in the Dungeon (Sprint IX: "|||||||||||||||||||||||||||||").
             The game lasted 00:01:15 (399 turns).

mhtbhm the Unseen (Spriggan Enchanter)               Turns: 399, Time: 00:01:16

Health: -11/37     AC:  2    Str:  4    XL:     8   Next: 34%
Magic:  6/21       EV: 25    Int: 16    God:    Dithmenos [**....]
Gold:   0          SH:  0    Dex: 21    Spells: 12/23 levels left

rFire   . . .      SeeInvis +   a - +2 rapier (venom)
rCold   . . .      Faith    .   (no shield)
rNeg    . . .      Spirit   .   b - +0 robe
rPois   .          Reflect  .   (helmet restricted)
rElec   .          Harm     .   (no cloak)
rCorr   .          Rampage  .   (gloves unavailable)
Will    +....      NoTele   +   (boots unavailable)
Stlth   +++++++++.              (no amulet)
HPRegen 0.12/turn               k - +2 ring of evasion
MPRegen 0.17/turn               l - +3 ring of dexterity

@: wreathed by umbra, very quick
A: very small, no large weapons, unfitting armour, see invisible, speed 3
a: Renounce Religion, Shadow Step


You were in the Dungeon.
You worshipped Dithmenos.
Dithmenos was pleased with you.
You visited 1 branch

Inventory:

Hand Weapons
 a - a +2 rapier of venom (weapon)
Armour
 b - a +0 robe (worn)
Jewellery
 k - a +2 ring of evasion (left hand)
 l - a +3 ring of dexterity (right hand)
Wands
 j - a wand of acid (10)
Scrolls
 h - 2 scrolls of amnesia
 i - 2 scrolls of blinking
Potions
 c - 2 potions of invisibility
 d - 5 potions of curing
 e - a potion of heal wounds
 f - a potion of haste
 g - 4 potions of magic


   Skills:
 + Level 0.6 Fighting
 + Level 6.4 Short Blades
 + Level 7.5 Dodging
 + Level 16.6 Stealth
 + Level 8.3 Spellcasting
 + Level 11.9 Hexes
 * Level 5.7 Invocations


You had 12 spell levels left.
You knew the following spells:

 Your Spells              Type           Power      Damage    Failure   Level
a - Confusing Touch       Hex            44%        N/A       1%          3
b - Tukima's Dance        Hex            44%        N/A       1%          3
c - Ensorcelled Hibernat  Hex/Ice        50%        N/A       1%          2
d - Dazzling Flash        Conj/Hex       50%        N/A       2%          3

Your spell library contained the following spells:

 Spells                   Type           Power      Damage    Failure   Level


Dungeon Overview and Level Annotations

Branches:
Dungeon (1/1)

Altars:
Cheibriados
Dithmenos
Elyvilon
Fedhas
Gozag
Hepliaklqana
Kikubaaqudgha
Makhleb
Nemelex Xobeh
Okawaru
Qazlal
Ru
Sif Muna
Trog
Uskayaw
Vehumet
Wu Jian
Xom
Yredelemnul
Zin
The Shining One
Beogh
Jiyva
Lugonu


Innate Abilities, Weirdness & Mutations

You are very small and have problems with some larger weapons.
You are too small for most types of armour.
You have supernaturally acute eyesight. (SInv)
You cover ground extremely quickly. (Speed+++)


Message History

Aiming: Ensorcelled Hibernation (safe; 1% risk of failure)
Press: ? - help, Shift-Dir - straight line, f - boulder beetle
Aim: a boulder beetle (umbra, chance to affect: 38%)
The boulder beetle easily resists.
The deep elf pyromancer closely misses you.
The boulder beetle bites you.
Unknown command.
Casting: Ensorcelled Hibernation (safe; 1% risk of failure)
Confirm with . or Enter, or press ? or * to list all spells.
Aiming: Ensorcelled Hibernation (safe; 1% risk of failure)
Press: ? - help, Shift-Dir - straight line, f/p - boulder beetle
Aim: a boulder beetle (umbra, chance to affect: 38%)
The boulder beetle easily resists.
The deep elf pyromancer hits you with a +0 short sword.
The boulder beetle closely misses you.
Unknown command.
Casting: Ensorcelled Hibernation (safe; 1% risk of failure)
Confirm with . or Enter, or press ? or * to list all spells.
Aiming: Ensorcelled Hibernation (safe; 1% risk of failure)
Press: ? - help, Shift-Dir - straight line, f/p - boulder beetle
Aim: a boulder beetle (umbra, chance to affect: 38%)
The boulder beetle easily resists.
The deep elf pyromancer casts a spell.
The deep elf pyromancer blinks!
The boulder beetle misses you.
Unknown command.
Casting: Ensorcelled Hibernation (safe; 1% risk of failure)
Confirm with . or Enter, or press ? or * to list all spells.
Aiming: Ensorcelled Hibernation (safe; 1% risk of failure)
Press: ? - help, Shift-Dir - straight line, f/p - boulder beetle
Aim: a boulder beetle (umbra, chance to affect: 38%)
The boulder beetle easily resists.
The boulder beetle bites you!!
Ouch! That really hurt!
* * * LOW HITPOINT WARNING * * *
Unknown command.
You feel much better. The manticore bites you!!
Ouch! That really hurt!
The manticore completely misses you. The manticore misses you.
The boulder beetle bites you!!
Ouch! That really hurt!
You die... ▓▓▓▓▓▓▓▓▓▓▓▓▓▓▓▓▓▓▓▓▓▓▓▓ +...lyH@B.e.))'..[[[.).. ▓▓▓▓▓▓▓▓▓▓▓▓▓▓▓▓▓▓▓▓▓▓▓▓

You could see a boulder beetle, a manticore, a deep elf pyromancer, a basilisk and a vampire mosquito.

Vanquished Creatures
  An unseen horror (D)
  A kobold demonologist (D)
  A jumping spider (shapeshifter) (D)
  A yak (D)
  A water moccasin (D)
  An acid dragon (D)
  A black bear (D)
  An ogre (D)
  A centaur (D)
  An orc wizard (D)
  A white imp (D)
  An orc (D)
  A ball python (D)
  An endoplasm (D)
  A giant cockroach (D)
  2 goblins (D)
17 creatures vanquished.

Notes
Turn   | Place    | Note
-------+----------+-------------------------------------------
     0 | D        | mhtbhm the Spriggan Enchanter began the quest for the Orb.
     0 | D        | Reached XP level 1. HP: 9/9 MP: 5/5
    10 | D        | Reached skill level 5 in Stealth
   129 | D        | Noticed a water moccasin
   129 | D        | Noticed a black bear
   129 | D        | Noticed an ogre
   137 | D        | Killed an ogre
   138 | D        | Reached skill level 8 in Stealth
   138 | D        | Reached XP level 2. HP: 13/13 MP: 5/8
   138 | D        | Reached XP level 3. HP: 16/16 MP: 6/10
   138 | D        | Reached XP level 4. HP: 21/21 MP: 6/11
   146 | D        | Killed a black bear
   147 | D        | Reached skill level 5 in Dodging
   147 | D        | Reached skill level 10 in Stealth
   147 | D        | Reached skill level 5 in Spellcasting
   147 | D        | Reached XP level 5. HP: 24/24 MP: 7/14
   151 | D        | Killed a water moccasin
   152 | D        | Reached skill level 12 in Stealth
   152 | D        | Reached XP level 6. HP: 19/28 MP: 9/16
   157 | D        | Found a snail-covered altar of Cheibriados.
   157 | D        | Found a shadowy altar of Dithmenos.
   157 | D        | Found a white marble altar of Elyvilon.
   157 | D        | Found a blossoming altar of Fedhas.
   157 | D        | Found an opulent altar of Gozag.
   158 | D        | Found a hazy altar of Hepliaklqana.
   159 | D        | Found a viscous altar of Jiyva.
   160 | D        | Found an ancient bone altar of Kikubaaqudgha.
   161 | D        | Found a corrupted altar of Lugonu.
   162 | D        | Found a burning altar of Makhleb.
   163 | D        | Found a sparkling altar of Nemelex Xobeh.
   164 | D        | Found an iron altar of Okawaru.
   165 | D        | Found a stormy altar of Qazlal.
   166 | D        | Found a sacrificial altar of Ru.
   167 | D        | Found a shimmering blue altar of Sif Muna.
   172 | D        | Found a bloodstained altar of Trog.
   173 | D        | Found a hide-covered altar of Uskayaw.
   174 | D        | Found a radiant altar of Vehumet.
   175 | D        | Found an ornate altar of the Wu Jian Council.
   186 | D        | Became a worshipper of Dithmenos the Shadowed
   257 | D        | Found a shimmering altar of Xom.
   258 | D        | Found a basalt altar of Yredelemnul.
   259 | D        | Found a glowing silver altar of Zin.
   260 | D        | Found a glowing golden altar of the Shining One.
   297 | D        | Learned a level 3 spell: Confusing Touch
   301 | D        | Learned a level 3 spell: Tukima's Dance
   304 | D        | Learned a level 2 spell: Ensorcelled Hibernation
   308 | D        | Learned a level 3 spell: Dazzling Flash
   308 | D        | Noticed a kobold demonologist
   308 | D        | Noticed an unseen horror
   308 | D        | Noticed an acid dragon
   308 | D        | Noticed a yak
   311 | D        | Reached skill level 10 in Hexes
   311 | D        | Reached skill level 1 in Invocations
   312 | D        | Killed a yak
   313 | D        | Reached skill level 13 in Stealth
   313 | D        | Reached XP level 7. HP: 32/32 MP: 16/18
   314 | D        | Reached * piety under Dithmenos
   315 | D        | Reached skill level 14 in Stealth
   316 | D        | Killed an unseen horror
   317 | D        | Reached skill level 5 in Short Blades
   317 | D        | Reached skill level 15 in Stealth
   318 | D        | Noticed an orange demon
   324 | D        | Killed a kobold demonologist
   324 | D        | Reached ** piety under Dithmenos
   325 | D        | Reached skill level 16 in Stealth
   325 | D        | Reached skill level 5 in Invocations
   325 | D        | Reached XP level 8. HP: 29/37 MP: 1/21
   392 | D        | Noticed a deep elf pyromancer
   392 | D        | Noticed a boulder beetle
   392 | D        | Noticed a manticore
   392 | D        | Noticed a jumping spider
   394 | D        | Killed a jumping spider
   399 | D        | Mangled by a boulder beetle

Illustrated notes

Levels and vault maps discovered:
D:        linesprint [early_d, line_temple, items_1, d_10, items_2, lair_1,
          lair_end, items_3, orc_1, orc_end, items_4, d_15, swamp_1, shoals_1,
          snake_1, spider_1, d_20, vaults_1, items_5, swamp_end, shoals_end,
          snake_end, spider_end, vaults_end, d_27, items_6, zot_1, zot_end,
          crypt_end, forest_end, elf_end, slime_end, tomb_end, abyss_end,
          pan_hell_end]

Skill      XL: |  1  2  3  4  5  6  7 |
---------------+----------------------+-----
Stealth        | 8 10 12 13 16 | 16.6
Hexes          | 7 8 9 10 11 | 11.9
Spellcasting   | 4 5 6 7 8 |  8.3
Dodging        | 4 5 6 7 |  7.5
Short Blades   | 2 3 4 6 |  6.4
Invocations    | 3 5 |  5.7
Fighting       | |  0.6

Action                   |  1- 3 |  4- 6 |  7- 9 || total
-------------------------+-------+-------+-------++-------
Melee: Dagger            |    15 |    12 |       ||    27
       Rapier            |       |     2 |     5 ||     7
 Cast: Ensorcelled Hiber |       |       |    12 ||    12
  Use: Potion            |     3 |       |     1 ||     4
 Stab: Invisible         |     2 |     2 |       ||     4
       Sleeping          |     1 |     2 |     5 ||     8
Armor: Robe              |     1 |       |       ||     1
Dodge: Dodged            |     9 |     5 |    13 ||    27

Table legend: (Time is in decaauts)
 A = Elapsed time spent in this place.
 B = Non-inter-level travel time spent in this place.
 C = Inter-level travel time spent in this place.
 D = Time resting spent in this place.
 E = Time spent auto-exploring this place.
 F = Levels seen in this place.
 G = Mean time per level.
                   A        B        C        D        E       F      G
               +--------+--------+--------+--------+--------+-----+--------+
         Total |    362 |    362 |      0 |    162 |     65 |   1 |  362.0 |
       Dungeon |    362 |    362 |      0 |    162 |     65 |   1 |  362.0 |
               +--------+--------+--------+--------+--------+-----+--------+

Top non-repeatable levels by time:
       D: 362 daAuts
